General information
- name: BNet
- type: Ladder team game (AT/RT)
- host: Battle.net
- saver: HERNaNDO
map: Dragonblight
- players: 6
- length: 43:12
- speed: Fast
- version: 1.21 W3XP
- replay type: Public
» download(236 KB)
Players
team 1 (loser)
1moretime_ (
red | 47 APM | 2046 actions | 43:07)
6 Tauren Chieftain
2 War Stomp
3 Endurance Aura
1 Reincarnation
5 Shadow Hunter
3 Healing Wave
2 Hex
» actions
| Assign group hotkey | 7 | |
| Basic commands | 2 | |
| Build / train | 64 | |
| Enter build submenu | 36 | |
| Enter hero's abilities submenu | 11 | |
| Give item / drop item | 2 | |
| Remove unit from queue | 1 | |
| Right click | 1087 | |
| Select / deselect | 665 | |
| Select group hotkey | 76 | |
| Use ability | 95 | |
2046 total
» units
| Peon | 15 | |
| Troll Headhunter/Berserker | 11 | |
| Demolisher | 13 | |
| Troll Batrider | 1 | |
40 total
» upgrades
| Ranged Weapons | 2 | |
| Armor | 1 | |
| Berserker Upgrade | 1 | |
| Reinforced Defenses | 1 | |
| Burning Oil | 1 | |
6 total
» buildings
| War Mill | 1 | |
| Orc Burrow | 7 | |
| Altar of Storms | 1 | |
| Barracks | 2 | |
| Voodoo Lounge | 1 | |
| Stronghold | 1 | |
| Great Hall | 4 | |
| Fortress | 1 | |
| Watch Tower | 10 | |
| Beastiary | 3 | |
31 total
» build order
00:13 War Mill
00:32 Orc Burrow
00:45 Altar of Storms
01:15 Barracks
01:39 Barracks
02:04 Orc Burrow
03:28 Voodoo Lounge
03:52 Orc Burrow
04:34 Orc Burrow
05:31 Stronghold
07:07 Orc Burrow
09:54 Great Hall
10:24 Fortress
11:25 Watch Tower
11:28 Watch Tower
11:31 Watch Tower
11:34 Watch Tower
11:59 Watch Tower
12:33 Watch Tower
14:28 Orc Burrow
14:35 Watch Tower
16:20 Orc Burrow
22:59 Great Hall
23:01 Watch Tower
23:03 Watch Tower
23:05 Watch Tower
26:30 Great Hall
32:56 Beastiary
32:59 Beastiary
33:02 Beastiary
34:08 Great Hall
» items
4E.FiRe (
purple | 61 APM | 2639 actions | 43:07)
6 Death Knight
3 Death Coil
3 Unholy Aura
3 Lich
2 Frost Nova
1 Frost Armor
» actions
| Assign group hotkey | 17 | |
| Basic commands | 4 | |
| Build / train | 47 | |
| Enter build submenu | 19 | |
| Enter hero's abilities submenu | 9 | |
| Right click | 1850 | |
| Select / deselect | 354 | |
| Select group hotkey | 244 | |
| Use ability | 92 | |
2639 total
» units
| Acolyte | 3 | |
| Ghoul | 2 | |
| Crypt Fiend | 7 | |
| Frost Wyrm | 6 | |
18 total
» upgrades
| Creature Attack | 2 | |
| Creature Carapace | 2 | |
| Web | 1 | |
| Burrow | 1 | |
| Freezing Breath | 1 | |
7 total
» buildings
| Graveyard | 1 | |
| Ziggurat | 9 | |
| Crypt | 1 | |
| Altar of Darkness | 1 | |
| Tomb of Relics | 1 | |
| Nerubian Tower | 1 | |
| Halls of the Dead | 1 | |
| Black Citadel | 1 | |
| Sacrificial Pit | 1 | |
| Boneyard | 2 | |
| Spirit Tower | 5 | |
24 total
» build order
00:19 Graveyard
00:27 Ziggurat
00:48 Crypt
01:09 Altar of Darkness
01:23 Ziggurat
01:36 Tomb of Relics
02:30 Nerubian Tower
04:30 Halls of the Dead
04:37 Ziggurat
06:13 Ziggurat
07:24 Black Citadel
09:55 Sacrificial Pit
10:05 Ziggurat
10:07 Ziggurat
10:51 Boneyard
10:55 Boneyard
11:25 Spirit Tower
11:27 Spirit Tower
11:29 Spirit Tower
11:30 Spirit Tower
12:57 Spirit Tower
16:22 Ziggurat
17:03 Ziggurat
17:05 Ziggurat
» items
| Rod of Necromancy | 1 | |
| Potion of Healing | 1 | |
2 total
NoMercy_ (
blue | 63 APM | 2725 actions | 43:07)
7 Mountain King
3 Storm Bolt
3 Thunder Clap
1 Avatar
2 Paladin
1 Holy Light
1 Divine Shield
» actions
| Assign group hotkey | 13 | |
| Basic commands | 6 | |
| Build / train | 76 | |
| Enter build submenu | 36 | |
| Enter hero's abilities submenu | 10 | |
| Give item / drop item | 2 | |
| Remove unit from queue | 2 | |
| Right click | 1953 | |
| Select / deselect | 402 | |
| Select group hotkey | 60 | |
| Use ability | 165 | |
2725 total
» units
| Peasant | 16 | |
| Footman | 11 | |
| Priest | 3 | |
| Knight | 2 | |
| Dragonhawk Rider | 8 | |
| Gryphon Rider | 2 | |
42 total
» upgrades
| Defend | 1 | |
| Priest Training | 3 | |
| Animal War Training | 1 | |
| Plating | 1 | |
| Cloud | 1 | |
7 total
» buildings
| Altar of Kings | 1 | |
| Farm | 13 | |
| Barracks | 1 | |
| Lumber Mill | 1 | |
| Scout Tower | 12 | |
| Arcane Vault | 1 | |
| Arcane Tower | 1 | |
| Keep | 1 | |
| Arcane Sanctum | 1 | |
| Castle | 1 | |
| Town Hall | 1 | |
| Blacksmith | 1 | |
| Guard Tower | 8 | |
| Gryphon Aviary | 2 | |
45 total
» build order
00:22 Altar of Kings
00:39 Farm
00:54 Barracks
01:15 Farm
01:26 Lumber Mill
01:43 Scout Tower
01:54 Farm
02:13 Arcane Vault
02:33 Arcane Tower
02:39 Farm
03:26 Farm
04:24 Keep
04:56 Farm
07:08 Arcane Sanctum
07:54 Castle
08:20 Town Hall
10:01 Blacksmith
10:39 Farm
10:40 Farm
11:15 Farm
11:19 Farm
11:45 Scout Tower
11:46 Scout Tower
11:49 Scout Tower
11:56 Scout Tower
12:14 Guard Tower
12:16 Guard Tower
12:21 Scout Tower
12:23 Guard Tower
13:01 Scout Tower
13:18 Guard Tower
13:46 Scout Tower
13:51 Scout Tower
13:53 Guard Tower
14:21 Guard Tower
14:22 Guard Tower
14:24 Scout Tower
14:28 Scout Tower
15:20 Scout Tower
16:21 Gryphon Aviary
16:23 Gryphon Aviary
17:00 Guard Tower
18:46 Farm
18:48 Farm
19:58 Farm
» items
| Scroll of Regeneration | 1 | |
| Lesser Clarity Potion | 1 | |
| Periapt of Vitality | 1 | |
3 total
team 2 (winner)
GOKUMaN69 (
green | 61 APM | 2632 actions | 43:07)
9 Blademaster
3 Wind Walk
3 Critical Strike
1 Bladestorm
2 Mirror Image
» actions
| Assign group hotkey | 10 | |
| Build / train | 76 | |
| Enter build submenu | 68 | |
| Enter hero's abilities submenu | 9 | |
| Give item / drop item | 1 | |
| Remove unit from queue | 1 | |
| Right click | 1650 | |
| Select / deselect | 555 | |
| Select group hotkey | 20 | |
| Use ability | 242 | |
2632 total
» units
» upgrades
| Spiked Barricades | 1 | |
| Liquid Fire | 1 | |
| Reinforced Defenses | 1 | |
| Ranged Weapons | 2 | |
5 total
» buildings
| Altar of Storms | 2 | |
| Orc Burrow | 8 | |
| War Mill | 3 | |
| Watch Tower | 35 | |
| Voodoo Lounge | 3 | |
| Stronghold | 2 | |
| Fortress | 2 | |
| Beastiary | 4 | |
| Great Hall | 4 | |
63 total
» build order
00:04 Altar of Storms
00:24 Orc Burrow
00:40 War Mill
01:57 Watch Tower
02:07 Watch Tower
02:29 Watch Tower
02:38 Voodoo Lounge
02:44 Voodoo Lounge
03:01 Watch Tower
04:18 Stronghold
04:22 Watch Tower
04:23 Watch Tower
04:26 Watch Tower
04:32 Watch Tower
04:53 Watch Tower
05:11 Watch Tower
05:24 Orc Burrow
05:26 Orc Burrow
05:41 Watch Tower
06:19 Watch Tower
06:33 Watch Tower
06:58 Fortress
06:58 Fortress
07:09 Beastiary
07:23 Beastiary
07:52 Watch Tower
07:54 Watch Tower
09:30 Orc Burrow
10:04 Watch Tower
11:10 Watch Tower
11:11 Watch Tower
11:16 Watch Tower
11:24 Watch Tower
11:47 Watch Tower
12:33 Watch Tower
13:32 Watch Tower
13:57 Watch Tower
13:58 Watch Tower
13:59 Watch Tower
15:12 Watch Tower
15:13 Watch Tower
16:34 Watch Tower
16:35 Watch Tower
16:39 Great Hall
19:57 Watch Tower
21:46 Watch Tower
23:17 Watch Tower
23:18 Watch Tower
23:19 Watch Tower
25:32 Beastiary
25:33 Beastiary
26:42 Orc Burrow
26:43 Orc Burrow
28:08 Voodoo Lounge
28:22 Altar of Storms
28:23 Orc Burrow
32:04 War Mill
33:35 War Mill
34:59 Great Hall
38:33 Great Hall
40:38 Great Hall
42:35 Orc Burrow
» items
| Healing Salve | 3 | |
| Lesser Clarity Potion | 2 | |
| Boots of Speed | 1 | |
| Staff of Teleportation | 2 | |
| Orb of Lightning | 1 | |
| Scroll of Town Portal | 2 | |
11 total
HERNaNDO (
orange | 34 APM | 1469 actions | 43:12)
2 Archmage
1 Blizzard
1 Brilliance Aura
2 Blood Mage
1 Flame Strike
1 Siphon Mana
» actions
| Assign group hotkey | 14 | |
| Basic commands | 14 | |
| Build / train | 114 | |
| ESC pressed | 2 | |
| Enter build submenu | 64 | |
| Enter hero's abilities submenu | 4 | |
| Remove unit from queue | 1 | |
| Right click | 484 | |
| Select / deselect | 521 | |
| Select group hotkey | 25 | |
| Use ability | 226 | |
1469 total
» units
| Peasant | 10 | |
| Sorceress | 1 | |
| Priest | 1 | |
| Mortar Team | 1 | |
| Dragonhawk Rider | 5 | |
18 total
» upgrades
| Masonry | 2 | |
| Magic Sentry | 1 | |
| Sorceress Training | 1 | |
| Flare | 1 | |
5 total
» buildings
| Altar of Kings | 1 | |
| Farm | 8 | |
| Lumber Mill | 1 | |
| Scout Tower | 93 | |
| Guard Tower | 63 | |
| Arcane Tower | 4 | |
| Keep | 1 | |
| Blacksmith | 1 | |
| Arcane Sanctum | 1 | |
| Workshop | 1 | |
| Castle | 1 | |
| Arcane Vault | 3 | |
| Gryphon Aviary | 1 | |
179 total
» build order
00:09 Altar of Kings
00:20 Farm
00:22 Farm
00:32 Farm
00:37 Lumber Mill
01:30 Scout Tower
01:38 Scout Tower
01:53 Scout Tower
01:57 Scout Tower
01:59 Guard Tower
02:01 Scout Tower
02:05 Scout Tower
02:09 Arcane Tower
02:10 Scout Tower
02:32 Guard Tower
02:33 Guard Tower
02:35 Scout Tower
02:40 Scout Tower
02:42 Guard Tower
02:46 Scout Tower
02:47 Scout Tower
02:48 Scout Tower
02:50 Guard Tower
02:58 Arcane Tower
03:22 Guard Tower
03:26 Scout Tower
03:29 Scout Tower
03:32 Guard Tower
03:33 Guard Tower
03:37 Scout Tower
03:39 Scout Tower
03:43 Scout Tower
03:48 Guard Tower
03:58 Guard Tower
03:59 Guard Tower
04:01 Scout Tower
04:04 Scout Tower
04:06 Scout Tower
04:07 Scout Tower
04:15 Guard Tower
04:18 Scout Tower
04:19 Scout Tower
04:22 Scout Tower
04:24 Scout Tower
04:25 Scout Tower
04:26 Scout Tower
04:27 Scout Tower
04:36 Guard Tower
04:36 Guard Tower
04:40 Keep
04:48 Guard Tower
05:00 Arcane Tower
05:04 Guard Tower
05:09 Guard Tower
05:09 Guard Tower
05:11 Scout Tower
05:12 Scout Tower
05:13 Scout Tower
05:14 Scout Tower
05:16 Guard Tower
05:20 Guard Tower
05:42 Scout Tower
05:43 Scout Tower
05:55 Guard Tower
05:58 Scout Tower
05:59 Scout Tower
06:00 Scout Tower
06:03 Scout Tower
06:13 Guard Tower
06:17 Scout Tower
06:19 Scout Tower
06:19 Scout Tower
06:21 Scout Tower
06:24 Scout Tower
06:25 Scout Tower
06:29 Scout Tower
06:30 Scout Tower
06:32 Scout Tower
06:34 Scout Tower
06:35 Scout Tower
06:43 Farm
06:47 Blacksmith
07:01 Guard Tower
07:03 Guard Tower
07:03 Guard Tower
07:05 Guard Tower
07:08 Guard Tower
07:09 Guard Tower
07:15 Guard Tower
07:22 Guard Tower
07:22 Guard Tower
07:27 Guard Tower
07:32 Guard Tower
07:37 Scout Tower
07:38 Scout Tower
07:41 Scout Tower
08:08 Guard Tower
08:11 Guard Tower
08:47 Guard Tower
08:51 Arcane Sanctum
08:57 Workshop
09:27 Guard Tower
10:01 Farm
10:02 Farm
11:03 Guard Tower
11:04 Guard Tower
11:06 Scout Tower
11:07 Scout Tower
11:20 Scout Tower
11:21 Scout Tower
11:24 Scout Tower
11:26 Scout Tower
11:28 Scout Tower
11:31 Scout Tower
11:33 Scout Tower
11:34 Scout Tower
12:24 Scout Tower
12:26 Scout Tower
12:29 Guard Tower
12:32 Scout Tower
12:34 Scout Tower
12:37 Guard Tower
12:50 Castle
12:55 Arcane Vault
13:12 Guard Tower
13:26 Guard Tower
14:18 Scout Tower
14:19 Scout Tower
14:20 Scout Tower
14:59 Guard Tower
15:11 Guard Tower
15:19 Guard Tower
15:20 Scout Tower
15:22 Scout Tower
15:23 Scout Tower
15:23 Scout Tower
15:24 Scout Tower
16:18 Guard Tower
16:19 Arcane Vault
16:20 Arcane Vault
16:51 Guard Tower
16:53 Scout Tower
16:58 Guard Tower
17:03 Scout Tower
17:04 Scout Tower
17:22 Scout Tower
17:22 Scout Tower
17:23 Scout Tower
17:24 Scout Tower
17:25 Scout Tower
17:25 Scout Tower
18:06 Guard Tower
18:22 Guard Tower
18:40 Guard Tower
19:14 Guard Tower
20:29 Scout Tower
20:30 Scout Tower
20:30 Scout Tower
20:31 Scout Tower
20:32 Scout Tower
20:33 Scout Tower
20:34 Scout Tower
20:35 Scout Tower
20:36 Scout Tower
20:46 Guard Tower
20:48 Guard Tower
20:52 Guard Tower
20:58 Guard Tower
21:03 Guard Tower
21:39 Guard Tower
21:54 Gryphon Aviary
21:58 Farm
21:59 Farm
22:03 Guard Tower
22:36 Guard Tower
23:29 Guard Tower
28:59 Scout Tower
29:36 Arcane Tower
» items
| Healing Salve | 1 | |
| Orb of Lightning | 1 | |
| Potion of Mana | 2 | |
| Staff of Sanctuary | 2 | |
| Ivory Tower | 7 | |
| Staff of Teleportation | 1 | |
| Boots of Speed | 1 | |
15 total
joltx (
pink | 42 APM | 1824 actions | 43:07)
5 Warden
2 Shadow Strike
3 Blink
» actions
| Assign group hotkey | 9 | |
| Basic commands | 109 | |
| Build / train | 50 | |
| ESC pressed | 2 | |
| Enter build submenu | 23 | |
| Enter hero's abilities submenu | 5 | |
| Remove unit from queue | 3 | |
| Right click | 1104 | |
| Select / deselect | 352 | |
| Select group hotkey | 93 | |
| Use ability | 74 | |
1824 total
» units
» upgrades
| Strength of the Wild | 3 | |
| Reinforced Hides | 3 | |
| Corrosive Breath | 1 | |
7 total
» buildings
| Altar of Elders | 1 | |
| Moon Well | 22 | |
| Tree of Ages | 1 | |
| Tree of Eternity | 1 | |
| Ancient of Wind | 1 | |
| Hunter's Hall | 1 | |
| Chimaera Roost | 2 | |
| Tree of Life | 2 | |
31 total
» build order
00:04 Altar of Elders
00:06 Moon Well
02:18 Moon Well
02:42 Moon Well
04:37 Tree of Ages
06:05 Tree of Ages
06:22 Moon Well
06:26 Moon Well
08:50 Tree of Eternity
08:58 Ancient of Wind
09:36 Hunter's Hall
11:17 Chimaera Roost
11:22 Chimaera Roost
11:52 Tree of Life
19:55 Moon Well
19:56 Moon Well
19:58 Moon Well
19:59 Moon Well
20:28 Moon Well
20:30 Moon Well
20:32 Moon Well
20:34 Moon Well
24:55 Moon Well
24:57 Moon Well
24:57 Moon Well
24:58 Moon Well
33:28 Moon Well
33:29 Moon Well
33:30 Moon Well
34:36 Moon Well
34:39 Moon Well
34:53 Tree of Life
» items
| Orb of Lightning | 1 | |
| Healing Salve | 1 | |
2 total
Chat log
(01:13 / All) GOKUMaN69: hey dookie
(01:20 / All) NoMercy_: heyyyy
(01:20 / All) HERNaNDO: Wwwwwwwwwwwwwwaaaaaaaaaaaazzzzzzzzzzzzzzzzzaaaaaaaaaaaaaaaaaaaaaaaaa
(07:19 / All) HERNaNDO: u maphack?
(07:25 / All) 1moretime_: how so?
(07:29 / All) HERNaNDO: thought so
(07:30 / All) HERNaNDO: gg
(07:31 / All) GOKUMaN69: 1 more time
(07:33 / All) joltx: fuckin mh gg
(07:37 / All) GOKUMaN69: daft punk
(07:40 / All) GOKUMaN69: is awesome
(07:43 / All) 1moretime_: good shit
(07:48 / All) HERNaNDO: im turning on my comp nuker
(07:57 / All) HERNaNDO: i have yr ip
(11:42 / All) HERNaNDO: HOW ABOUT RESPECTING A MANS PRIVACY
(39:09 / All) HERNaNDO: Malice Shade
(40:13 / All) GOKUMaN69: I think u lose
(41:12 / All) HERNaNDO: plz sign here: ____gg_____
(42:44 / All) GOKUMaN69: so guys
(42:48 / All) GOKUMaN69: when u quiting?
(43:00 / All) NoMercy_: u guys are tower noobs
(43:03 / All) HERNaNDO: ?
(43:05 / All) NoMercy_: its kool
(43:06 / All) GOKUMaN69: what>?